 Dungeon Crawl Stone Soup version 0.29.1-1-gd02db6906a (webtiles) character file.

Game seed: 6186974068829503101

77 hawla the Firebug (level 4, -1/33 HPs)
             Began as a Meteoran Fire Elementalist on Oct 10, 2022.
             Slain by Terence
             ... wielding a +0 vorpal hand axe
              (2 damage)
             ... on level 2 of the Dungeon.
             The game lasted 00:04:05 (778 turns).

hawla the Firebug (Meteoran Fire Elementalist)       Turns: 778, Time: 00:04:05

Health: -1/33      AC:  2    Str:  9    XL:     4   Next: 89%
Magic:  9/10       EV: 12    Int: 19    God:
Gold:   48         SH:  0    Dex: 14    Spells: 8/9 levels left

rFire   . . .      SeeInvis .   d - staff of poison
rCold   . . .      Faith    .   (no shield)
rNeg    . . .      Spirit   .   a - +0 robe
rPois   +          Reflect  .   (no helmet)
rElec   .          Harm     .   (no cloak)
rCorr   .          Rampage  .   (no gloves)
Will    .....                   (no boots)
Stlth   +.........              (no amulet)
HPRegen 0.11/turn               (no ring)
MPRegen 0.12/turn               (no ring)

@: very slightly contaminated, glowing
A: sense surroundings 1, otherworldly, glowing, explore regen
a: no special abilities


You were on level 2 of the Dungeon.
You visited 1 branch of the dungeon, and saw 2 of its levels.

You collected 48 gold pieces.

Inventory:

Armour
 a - a +0 robe (worn)
Magical Staves
 d - a staff of poison (weapon)
Potions
 b - a potion of magic
 h - a potion of heal wounds


   Skills:
 + Level 0.1 Fighting
 + Level 0.1 Staves
 + Level 2.8 Dodging
 - Level 1.4 Stealth
 + Level 3.4 Spellcasting
 + Level 1.6 Conjurations
 + Level 4.5 Fire Magic
 + Level 1.5 Poison Magic
 + Level 1.5 Evocations


You had 8 spell levels left.
You knew the following spells:

 Your Spells              Type           Power      Damage    Failure   Level
a - Foxfire               Conj/Fire      56%        2x1d6     4%          1

Your spell library contained the following spells:

 Spells                   Type           Power      Damage    Failure   Level
 Scorch                   Fire           40%        2d7       3%          2
 Conjure Flame            Conj/Fire      14%        6-21      12%         3
 Inner Flame              Hex/Fire       11%        N/A       17%         3
 Flame Wave               Conj/Fire      14%        2d6       38%         4
 Portal Projectile        Hex/Tloc       6%         N/A       41%         3
 Tukima's Dance           Hex            3%         N/A       41%         3
 Blade Hands              Tmut           1%         N/A       99%         5


Dungeon Overview and Level Annotations

Branches:
Dungeon (2/15) Zot: 416

Altars:

Annotations:
D:2 Terence


Innate Abilities, Weirdness & Mutations

You passively map a small area around you.
You are easily found by Zot.
You glow in the dark.
You regain HP and MP as you explore.


Message History

The ball python attacks as you move away!
The ball python bites you.
The ball python attacks as you move away!
The ball python bites you but does no damage.
The ball python closely misses you.
Casting: Foxfire (safe; 4% risk of failure)
Confirm with . or Enter, or press ? or * to list all spells.
You conjure some foxfire!
The ball python barely misses you. x2
The ball python bites you. The ball python grabs you.
The ball python constricts you.
You escape the ball python's grasp.
The foxfire hits the ball python.
You kill the ball python!
The foxfire hits Terence but does no damage.
You see here a hobgoblin corpse.
Terence attacks as you move away! Terence closely misses you.
You aren't carrying any scrolls.
You feel much better.
Terence hits you with a +0 vorpal hand axe.
Casting: Foxfire (safe; 4% risk of failure)
Confirm with . or Enter, or press ? or * to list all spells.
You conjure some foxfire!
Terence hits you with a +0 vorpal hand axe!
Terence hits your foxfire with a +0 vorpal hand axe.
Terence barely misses your foxfire.
Casting: Foxfire (safe; 4% risk of failure)
Confirm with . or Enter, or press ? or * to list all spells.
You miscast Foxfire.
You are very lightly contaminated with residual magic.
Nothing appears to happen.
The foxfire hits Terence.
Terence is moderately wounded.
The foxfire hits Terence but does no damage.
Terence is moderately wounded.
Terence barely misses you. Terence attacks as you move away!
Terence hits you with a +0 vorpal hand axe!
* * * LOW HITPOINT WARNING * * *
Terence attacks as you move away!
Terence hits you with a +0 vorpal hand axe.
* * * LOW HITPOINT WARNING * * *
You die...

###.# #.#
#.###########.... #...#
#.# ##.#...........###
#.### #.#
####....########### #.#
#.# #....#..# #.# #.#
#.##...## ** #.# #.#
#.###.## *,, #.# #.#
#.# #.# *,* #.#
##†###.###.######* #.#
#..†....@@....... * ,
##.####...†......####.#
#.......####.###.#
#.†###### #.# *.# *
#..# #.###.### ,* **,
#..### ##.##.... , *
#..).# #..##...#* *
##.#.# #.###...# ,
#.#.# #.# #...# *


You could see Terence.

Vanquished Creatures
  Natasha (D:2)
  A gnoll (D:1)
  An adder (D:2)
  A bat (D:1)
  3 endoplasms (D:1)
  2 giant cockroaches
  5 hobgoblins
  2 jackals (D:2)
  2 quokkas
  7 ball pythons
  2 frilled lizards (D:1)
  2 goblins
  A kobold (D:2)
  A rat (D:1)
31 creatures vanquished.

Vanquished Creatures (others)
  74 foxfires
74 creatures vanquished.

Grand Total: 105 creatures vanquished

Notes
Turn   | Place    | Note
-------+----------+-------------------------------------------
     0 | D:1      | hawla the Meteoran Fire Elementalist began the quest for
                  | the Orb.
     0 | D:1      | Reached XP level 1. HP: 14/14 MP: 5/5
   131 | D:1      | Reached XP level 2. HP: 18/20 MP: 4/7
   220 | D:1      | Reached skill level 4 in Fire Magic
   306 | D:1      | Reached XP level 3. HP: 26/26 MP: 4/8
   430 | D:1      | Reached skill level 1 in Poison Magic
   494 | D:1      | Glimpsed the power of Zot.
   611 | D:2      | Reached XP level 4. HP: 33/33 MP: 5/9
   626 | D:2      | Reached skill level 1 in Evocations
   714 | D:2      | Noticed Natasha
   714 | D:2      | Noticed Terence
   727 | D:2      | Killed Natasha
   778 | D:2      | HP: 1/33 [Terence/+0 vorpal hand axe (6)]
   778 | D:2      | Slain by Terence

Illustrated notes

Levels and vault maps discovered:
D:1:      tarquinn_simple_flora_water_f, layout_loops_ring, serial_park_tiny_1,
          chequers_serial_rivers_small_b, due_unseen_surprise
D:2:      layout_loops_ring, hellmonk_ecumenical_altar_watching_god,
          uniq_terence, uniq_natasha

Skill      XL: |  1  2  3  4 |
---------------+-------------+-----
Spellcasting   | 3 |  3.4
Fire Magic     | 4 |  4.5
Poison Magic   | 1 |  1.5
Evocations     | 1 |  1.5
Fighting       | |  0.1
Staves         | |  0.1
Dodging        | |  2.8
Stealth        | |  1.4
Conjurations   | |  1.6

Action                   |  1- 3 |  4- 6 || total
-------------------------+-------+-------++-------
Melee: Staff             |    20 |     2 ||    22
 Cast: Foxfire           |    36 |    12 ||    48
  Use: Scroll            |     5 |     2 ||     7
       Potion            |       |     1 ||     1
Armor: Robe              |    22 |     8 ||    30
Dodge: Dodged            |    33 |    24 ||    57
